 Dungeon Crawl Stone Soup version 0.30-a0-424-g7412bad402 (webtiles) character file.

Game seed: 5876519612525170286

5549 McMuffin the Slasher (level 10, -3/73 HPs)
             Began as a Demonspawn Wanderer on Dec 9, 2022.
             Was a Believer of Dithmenos.
             Slain by a wolf (6 damage)
             ... led by Grum
             ... on level 9 of the Dungeon.
             The game lasted 00:54:23 (6712 turns).

McMuffin the Slasher (Demonspawn Wanderer)          Turns: 6712, Time: 00:54:24

Health: -3/73      AC: 19    Str: 11    XL:     10   Next: 44%
Magic:  17/17      EV: 13    Int: 13    God:    Dithmenos [**....]
Gold:   539        SH:  0    Dex: 16    Spells: 18/19 levels left

rFire   + . .      SeeInvis .    y - +6 falchion "Ehost" {spect, rN++ Dex-3}
rCold   . . .      Faith    .    (no shield)
rNeg    + + .      Spirit   .    O - +0 acid dragon scales
rPois   .          Reflect  .    (helmet restricted)
rElec   .          Harm     .    (no cloak)
rCorr   +          Rampage  .    (no gloves)
Will    .....                    U - +1 pair of boots
Stlth   +++.......               (no amulet)
HPRegen 0.32/turn                r - +4 ring of protection
MPRegen 0.15/turn                N - ring of protection from fire

@: mighty, sanguine armoured, wreathed by umbra
A: horns 2, powered by pain 1, sanguine armour 1
a: Renounce Religion, Shadow Step


You were on level 9 of the Dungeon.
You worshipped Dithmenos.
Dithmenos was pleased with you.
You visited 2 branches of the dungeon, and saw 10 of its levels.
You also visited: Ossuary.

You collected 569 gold pieces.
You spent 30 gold pieces at shops.

Inventory:

Hand Weapons
 a - a +2 mace
 i - a +3 whip
 j - a +0 rapier
 y - the +6 falchion "Ehost" (weapon) {spect, rN++ Dex-3}
   (You took it off a hobgoblin on level 4 of the Dungeon)

   When its wielder attacks, the weapon's spirit leaps out and strikes again.
   The spirit shares a part of any damage it takes with its wielder.
   Dex:       It affects your dexterity (-3).
   rN:        It greatly protects you from negative energy.
 K - a +1 rapier of distortion
 S - the +3 whip "Sacw" {vorpal, rElec rF+ SInv}
   (You took it off a centaur on level 7 of the Dungeon)

   It inflicts extra damage upon your enemies.
   rF:        It protects you from fire.
   rElec:     It insulates you from electricity.
   SInv:      It lets you see invisible.
Missiles
 p - 4 boomerangs
 X - 11 poisoned darts
Armour
 b - a +0 pair of boots
 d - a +0 robe
 m - a +0 leather armour
 O - +0 acid dragon scales (worn)
 Q - a +3 leather armour of willpower
 T - +0 steam dragon scales
 U - a +1 pair of boots (worn)
Jewellery
 r - a +4 ring of protection (left hand)
 w - a ring of see invisible
 L - a +6 ring of intelligence
 N - a ring of protection from fire (right hand)
 R - a +4 ring of evasion
Wands
 s - a wand of mindburst (27)
 P - a wand of flame (30)
Scrolls
 e - 3 scrolls of brand weapon {unknown}
 g - 10 scrolls of identify
 h - 2 scrolls of enchant armour {unknown}
 k - a scroll of summoning {unknown}
 l - 3 scrolls of fog {unknown}
 q - a scroll of silence {unknown}
 u - a scroll of enchant weapon {unknown}
 v - 4 scrolls of poison {unknown}
 x - a scroll of blinking {unknown}
 F - a scroll of amnesia {unknown}
 H - a scroll of torment {unknown}
 I - 2 scrolls of teleportation {unknown}
 J - a scroll of fear {unknown}
 M - 2 scrolls of immolation {unknown}
 V - a scroll of noise {unknown}
 W - a scroll of vulnerability {unknown}
Potions
 c - a potion of might
 f - a potion of invisibility
 n - 2 potions of brilliance {unknown}
 o - 4 potions of haste {unknown}
 t - 3 potions of flight {unknown}
 z - a potion of resistance {unknown}
 A - 3 potions of curing {unknown}
 B - 2 potions of attraction {unknown}
 C - 3 potions of ambrosia {unknown}
 D - 2 potions of lignification {unknown}
 E - a potion of mutation {unknown}
 G - 3 potions of heal wounds {unknown}


   Skills:
 + Level 4.7 Fighting
 + Level 7.1 Long Blades
 + Level 5.1 Maces & Flails
 + Level 3.9 Armour
 + Level 4.9 Dodging
 + Level 4.1 Stealth
 + Level 5.2 Spellcasting
 + Level 4.0 Transmutations
 + Level 5.0 Poison Magic
 + Level 1.2 Invocations


You had 18 spell levels left.
You knew the following spells:

 Your Spells              Type           Power      Damage    Failure   Level
a - Sting                 Tmut/Pois      60%        1d6       4%          1

Your spell library contained the following spells:

 Spells                   Type           Power      Damage    Failure   Level
 Ignite Poison            Fire/Tmut/Pois 11%        N/A       24%         3
 Apportation              Tloc           6%         N/A       28%         1
 Necrotise                Necr           12%        1d4       28%         1
 Summon Small Mammal      Summ           12%        N/A       28%         1
 Blink                    Tloc           6%         N/A       38%         2
 Ensorcelled Hibernation  Hex/Ice        6%         N/A       38%         2
 Momentum Strike          Conj/Tloc      6%         3d8       38%         2
 Gell's Gravitas          Tloc           3%         N/A       63%         3
 Lesser Beckoning         Tloc           6%         N/A       63%         3
 Teleport Other           Tloc           3%         N/A       63%         3
 Leda's Liquefaction      Hex/Erth       1%         N/A       95%         4
 Sticky Flame             Conj/Fire      3%         2d3       95%         4
 Summon Ice Beast         Ice/Summ       3%         N/A       95%         4
 Silence                  Hex/Air        1%         N/A       100%        5
 Dispersal                Tloc           1%         N/A       100%        6
 Ignition                 Fire           1%         3d3       100%        8


Dungeon Overview and Level Annotations

Branches:
Dungeon (9/15)             Temple (1/1) D:5         Ossuary (visited)
   Lair: D:8-11         Orc: D:9-12

Altars:
Ashenzari
Cheibriados
Dithmenos
Fedhas
Kikubaaqudgha
Makhleb
Nemelex Xobeh
Okawaru
Qazlal
Sif Muna
Vehumet
Wu Jian
Xom
Yredelemnul

Shops:
D:5 ?   D:7 (

Portals:
Abyss: D:5

Annotations:
D:9 Grum


Innate Abilities, Weirdness & Mutations

You have a pair of horns on your head.
You sometimes gain a little power by taking damage.
When seriously injured, your blood forms armour. (AC +6)


Message History

Grum closely misses you. The wolf barely misses you. The wolf misses you.
The centaur hits you. The centaur barely misses you.
The wolf closely misses you.
You slash the wolf!
The wolf is severely wounded.
The wolf misses you. The wolf barely misses you. The wolf bites you!
Grum misses you.
The centaur barely misses you. x2; The wolf bites you.
Your blood congeals into armour.
You barely miss the wolf.
The wolf is severely wounded.
The wolf bites you. x2; The centaur completely misses you.
The centaur kicks you but does no damage.
Grum hits you but does no damage. The wolf closely misses you.
The wolf barely misses you. The wolf bites you. The centaur closely misses you.
The centaur barely misses you. The centaur attacks as you move away!
The centaur completely misses you. The centaur barely misses you.
The wolf attacks as you move away! The wolf misses you. The wolf bites you.
The wolf completely misses you. The wolf bites you!
You focus on the pain.
You feel very mighty all of a sudden. The wolf barely misses you.
The wolf bites you but does no damage. The wolf attacks as you move away!
The wolf misses you. The wolf closely misses you. Grum closely misses you.
The wolf barely misses you.
You slash the wolf! Your headbutt misses the wolf.
The wolf is severely wounded.
Grum closely misses you. The wolf closely misses you.
The wolf barely misses you. The wolf bites you.
* * * LOW HITPOINT WARNING * * *
You slash the wolf! You headbutt the wolf!
You kill the wolf!
Dithmenos accepts your kill. The wolf bites you but does no damage.
The wolf misses you.
Grum hits you from afar with a -2 vorpal glaive.
* * * LOW HITPOINT WARNING * * *
x2 The wolf barely misses you.
The wolf bites you!
* * * LOW HITPOINT WARNING * * *
The wolf barely misses you. The wolf bites you.
You die...

#...# #...#
#...# #...#
##.##...#
#......g###
#......c..#
.....#+#hh#####
.... #@.....#
### #......#
+......#
#.###### #.#
#.# #.# #.#


You could see Grum, 2 wolves and a centaur.

Vanquished Creatures
  Maggie (D:6)
  The ghost of elongatedgoose the Digger, a novice DrEE (D:5)
  Sigmund (D:6)
  5 yaks
  Eustachio (D:6)
  2 steam dragons (D:7)
  A wraith (Ossuary)
  A water moccasin (D:7)
  Duvessa (D:5)
  A sky beast (D:8)
  A black bear (D:5)
  An ice beast (D:6)
  2 wolves (D:9)
  4 ogres
  5 centaurs
  2 phantoms
  4 kobold brigands
  2 necrophages
  4 bullfrogs
  A gnoll sergeant (D:7)
  2 scorpions
  Dowan (D:5)
  10 killer bees
  A howler monkey (D:4)
  A crimson imp (D:5)
  6 hounds
  3 orc priests
  4 iguanas
  Ijyb (D:5)
  3 orc wizards
  A mummy (Ossuary)
  7 gnolls
  4 adders
  2 shadow imps (D:5)
  3 white imps
  2 worms
  3 dart slugs (D:1)
  14 orcs
  7 endoplasms
  6 giant cockroaches
  4 hobgoblins
  2 jackals (D:4)
  6 quokkas
  6 ball pythons
  7 bats
  4 frilled lizards
  5 gnoll skeletons (Ossuary)
  7 goblins
  22 kobolds
  9 kobold skeletons (Ossuary)
  11 orc skeletons (Ossuary)
  6 rats
  A bush (D:5)
212 creatures vanquished.

Vanquished Creatures (others)
  2 kobolds (D:7)
2 creatures vanquished.

Grand Total: 214 creatures vanquished

Notes
Turn   | Place    | Note
-------+----------+-------------------------------------------
     0 | D:1      | McMuffin the Demonspawn Wanderer began the quest for the
                  | Orb.
     0 | D:1      | McMuffin set off with the following items: a +2 mace, a +0
                  | pair of boots, a potion of might, a +0 robe; and the
                  | following spell memorised: Sting; and the following spells
                  | available to memorise: Ignite Poison.
     0 | D:1      | Reached XP level 1. HP: 13/13 MP: 2/2
   353 | D:1      | Gained mutation: When seriously injured, your blood forms
                  | armour. (AC +6) [demonic ancestry]
   353 | D:1      | Reached XP level 2. HP: 19/19 MP: 0/3
   914 | D:2      | Gained mutation: You have a pair of small horns on your
                  | head. [demonic ancestry]
   914 | D:2      | Reached XP level 3. HP: 15/24 MP: 1/4
  1319 | D:2      | Reached XP level 4. HP: 30/30 MP: 3/6
  1923 | D:3      | Reached skill level 1 in Poison Magic
  1926 | D:3      | Reached skill level 1 in Fighting
  1958 | D:3      | Noticed a phantom
  2272 | D:3      | Killed a phantom
  2273 | D:3      | Reached skill level 1 in Armour
  2273 | D:3      | Reached XP level 5. HP: 28/37 MP: 8/8
  2298 | D:3      | Got Plog's Spellbook of Enchanting Generation
  2372 | D:4      | Reached XP level 6. HP: 43/43 MP: 7/9
  2597 | D:4      | Identified the +6 falchion "Ehost" {spect, rN++ Dex-3}
  2920 | D:4      | Found a sand-covered staircase.
  2931 | Ossuary  | Entered an ossuary
  2931 | Ossuary  | Noticed a wraith
  2931 | Ossuary  | Noticed a wraith
  2931 | Ossuary  | Noticed a wraith
  3048 | Ossuary  | Noticed a wraith
  3131 | Ossuary  | Killed a wraith
  3132 | Ossuary  | Reached skill level 1 in Long Blades
  3132 | Ossuary  | Reached skill level 5 in Maces & Flails
  3132 | Ossuary  | Reached XP level 7. HP: 9/50 MP: 11/11
  3292 | D:5      | Entered Level 5 of the Dungeon
  3349 | D:5      | Found Jisoohes's Magic Scroll Boutique.
  3401 | D:5      | Noticed Duvessa
  3401 | D:5      | Noticed Dowan
  3402 | D:5      | Found a staircase to the Ecumenical Temple.
  3408 | D:5      | Killed Duvessa
  3409 | D:5      | Reached skill level 2 in Long Blades
  3429 | D:5      | Killed Dowan
  3576 | Temple   | Entered the Ecumenical Temple
  3807 | Temple   | Became a worshipper of Dithmenos the Shadowed
  3898 | D:5      | Reached skill level 3 in Long Blades
  4071 | D:5      | Found a transporter.
  4071 | D:5      | Found a transporter.
  4088 | D:5      | Noticed elongatedgoose's ghost (novice DrEE)
  4092 | D:5      | Found a one-way gate to the infinite horrors of the Abyss.
  4093 | D:5      | Gained mutation: You have a pair of horns on your head.
                  | [demonic ancestry]
  4093 | D:5      | Reached XP level 8. HP: 52/57 MP: 12/12
  4098 | D:5      | Killed elongatedgoose's ghost
  4099 | D:5      | Reached skill level 4 in Long Blades
  4195 | D:5      | Noticed Ijyb
  4213 | D:5      | Killed Ijyb
  4305 | D:5      | Bought a scroll of identify for 30 gold pieces
  4435 | D:6      | Reached skill level 5 in Long Blades
  4451 | D:6      | Noticed Sigmund
  4458 | D:6      | Noticed Maggie
  4465 | D:6      | Killed Sigmund
  4465 | D:6      | Reached * piety under Dithmenos
  4469 | D:6      | Gained mutation: You sometimes gain a little power by
                  | taking damage. [demonic ancestry]
  4469 | D:6      | Reached XP level 9. HP: 29/65 MP: 9/13
  4479 | D:6      | Killed Maggie
  4608 | D:6      | Noticed Eustachio
  4609 | D:6      | Found an iron altar of Okawaru.
  4656 | D:6      | Killed Eustachio
  4901 | D:7      | Found Nenyddubb's Weapon Boutique.
  4972 | D:7      | Reached skill level 6 in Long Blades
  5048 | D:7      | Reached XP level 10. HP: 36/72 MP: 17/17
  5176 | D:7      | Identified the +3 whip "Sacw" {vorpal, rElec rF+ SInv}
  5289 | D:7      | Reached ** piety under Dithmenos
  5444 | D:7      | Reached skill level 5 in Spellcasting
  6696 | D:9      | Noticed Grum
  6702 | D:9      | Reached skill level 7 in Long Blades
  6702 | D:9      | Reached skill level 5 in Poison Magic
  6710 | D:9      | HP: 3/73 [wolf[Grum] (9)]
  6712 | D:9      | Slain by a wolf

Illustrated notes

Levels and vault maps discovered:
D:1:      psy_arrival_basics, layout_basic, hangedman_decor_growths
D:2:      minmay_angry_zag, layout_rooms, minmay_pentomino_s2
D:3:      layout_basic, mainiacjoe_overflow_small_starburst,
          minmay_misc_feat_hallway
D:4:      layout_loops_ring, nicolae_ossuary_entry_monument
D:5:      layout_rooms, minmay_temple_entry_stoned_glass, serial_shops, shop,
          gammafunk_ghost_abyssal_escape, kb_lookout_dungeons_type, uniq_ijyb,
          uniq_duvessa
D:6:      layout_cave_pools, kennysheep_okawaru_gauntlet, uniq_eustachio,
          uniq_sigmund, uniq_maggie
D:7:      layout_loops_ring, serial_shops, nicolae_shop_bloodbath_and_beyond,
          nicolae_kite_square_tiling_tiny
D:8:      layout_cave_pods, chequers_garden, wad_rectangle_vault
D:9:      layout_irregular_city, tgw_trog, david_orc_2,
          minmay_tree_intersection, minmay_misc_feat_diagonals,
          minmay_misc_feat_columns, minmay_guarded_unrand_staff_of_olgreb,
          uniq_grum
Temple:   bh_familiar_temple

Skill      XL: |  1  2  3  4  5  6  7  8  9 10 |
---------------+-------------------------------+-----
Maces & Flails | 4 5 |  5.1
Spellcasting   | 2 3 4 5 |  5.2
Poison Magic   | 1 2 3 4 5 |  5.0
Fighting       | 1 2 3 4 |  4.7
Armour         | 1 2 3 |  3.9
Stealth        | 2 3 4 |  4.1
Transmutations | 2 3 4 |  4.0
Dodging        | 2 3 4 |  4.9
Long Blades    | 1 3 5 6 7 |  7.1
Invocations    | |  1.2

Action                   |  1- 3 |  4- 6 |  7- 9 | 10-12 || total
-------------------------+-------+-------+-------+-------++-------
Melee: Mace              |     5 |       |       |       ||     5
       Whip              |    70 |   126 |       |       ||   196
       Headbutt          |     3 |    31 |    32 |    24 ||    90
       Falchion          |       |    54 |   126 |   103 ||   283
       Punch             |       |     1 |     1 |     2 ||     4
 Cast: Sting             |    28 |    25 |    33 |    10 ||    96
 Stab: Sleeping          |       |     2 |       |     1 ||     3
       Distracted        |       |     1 |     1 |       ||     2
Armor: Robe              |     8 |       |       |       ||     8
       Leather armour    |    17 |    59 |    25 |       ||   101
       Acid dragon scale |       |       |    30 |    51 ||    81
Dodge: Dodged            |    46 |   121 |    78 |   108 ||   353

Table legend: (Time is in decaauts)
 A = Elapsed time spent in this place.
 B = Non-inter-level travel time spent in this place.
 C = Inter-level travel time spent in this place.
 D = Time resting spent in this place.
 E = Time spent auto-exploring this place.
 F = Levels seen in this place.
 G = Mean time per level.
                   A        B        C        D        E       F      G
               +--------+--------+--------+--------+--------+-----+--------+
         Total |   6733 |   6733 |      0 |    669 |      0 |  11 |  612.1 |
       Dungeon |   6187 |   6187 |      0 |    669 |      0 |   9 |  687.4 |
        Temple |    252 |    252 |      0 |      0 |      0 |   1 |  252.0 |
       Ossuary |    293 |    293 |      0 |      0 |      0 |   1 |  293.0 |
               +--------+--------+--------+--------+--------+-----+--------+

Top non-repeatable levels by time:
     D:7: 1140 daAuts
     D:3: 959 daAuts
     D:1: 877 daAuts
     D:5: 777 daAuts
     D:8: 684 daAuts
     D:4: 675 daAuts
     D:6: 554 daAuts
     D:2: 503 daAuts
 Ossuary: 293 daAuts
  Temple: 252 daAuts
     D:9: 15 daAuts
